| TOP OF THE 1ST |
|
Fort Myers Miracles batting - Pitching for Tampa Twisters : LHP Andrew Ortiz
|
|
Pitching: LHP Andrew Ortiz
|
|
|
Batting: SHB Ronnie Chapman
|
0-0: Ball 1-0: Ball 2-0: Ball 3-0: Base on Balls
|
|
Batting: RHB T.J. Stout
|
0-0: Ball 1-0: Ball 2-0: Ball 3-0: Base on Balls Ronnie Chapman to second
|
|
Batting: RHB Bobby Hinson
|
0-0: Fly out, F8 (Flyball, 8RD, EV 95.6 MPH)
|
|
Batting: RHB Galtero Gioacchini
|
0-0: Called Strike 0-1: Foul Ball, location: 2F 0-2: Grounds into double play, 5-4-3 (Groundball, 5S, EV 86.9 MPH)
|
| Top of the 1st over - 0 runs, 0 hits, 0 errors, 1 left on base; Fort Myers 0 - Tampa 0 |
| BOTTOM OF THE 1ST |
|
Tampa Twisters batting - Pitching for Fort Myers Miracles : RHP Jose Bonifilio
|
|
Pitching: RHP Jose Bonifilio
|
|
|
Batting: RHB John Hotchkiss
|
0-0: Called Strike 0-1: Ball 1-1: Ball 2-1: TRIPLE (Flyball, 78XD, EV 107.5 MPH)
|
|
Batting: LHB John Randolph
|
0-0: Ground out 6-3 (Groundball, 6, EV 88.1 MPH) John Hotchkiss scores
|
|
Batting: RHB Basil Tennell
|
0-0: Ground out 6-3 (Groundball, 6, EV 98.1 MPH)
|
|
Batting: LHB Jose Tolentino
|
0-0: Fly out, F9 (Flyball, 9LD, EV 87.5 MPH)
|
| Bottom of the 1st over - 1 run, 1 hit, 0 errors, 0 left on base; Fort Myers 0 - Tampa 1 |
| TOP OF THE 2ND |
|
Fort Myers Miracles batting - Pitching for Tampa Twisters : LHP Andrew Ortiz
|
|
Batting: RHB Michael Saccocio
|
0-0: Foul Ball, location: 2F 0-1: Ball 1-1: SINGLE (Groundball, 56D, EV 103.8 MPH)
|
|
Batting: LHB Rodney Hodde
|
0-0: Called Strike 0-1: Swinging Strike 0-2: Ball 1-2: Ball 2-2: Strikes out looking
|
|
Batting: LHB Stacey Pettis
|
0-0: Swinging Strike 0-1: Ball 1-1: Ball 2-1: Foul Ball, location: 2F 2-2: Strikes out looking
|
|
Batting: LHB Abraham Becerra
|
0-0: Swinging Strike 0-1: Ball 1-1: Called Strike 1-2: Ball 2-2: Foul Ball, location: 2F 2-2: Fly out, F8 (Flyball, 8LXD, EV 101.3 MPH)
|
| Top of the 2nd over - 0 runs, 1 hit, 0 errors, 1 left on base; Fort Myers 0 - Tampa 1 |
| BOTTOM OF THE 2ND |
|
Tampa Twisters batting - Pitching for Fort Myers Miracles : RHP Jose Bonifilio
|
|
Batting: LHB Jordan Berge
|
0-0: Ground out U3 (Groundball, 3L, EV 81.3 MPH)
|
|
Batting: RHB Dave Klipstein
|
0-0: Called Strike 0-1: Fly out, F4 (Popup, 4D, EV 71.9 MPH)
|
|
Batting: RHB Jeffrey Neuzil
|
0-0: Ball 1-0: Ball 2-0: Ground out 6-3 (Groundball, 6, EV 78.8 MPH)
|
| Bottom of the 2nd over - 0 runs, 0 hits, 0 errors, 0 left on base; Fort Myers 0 - Tampa 1 |
| TOP OF THE 3RD |
|
Fort Myers Miracles batting - Pitching for Tampa Twisters : LHP Andrew Ortiz
|
|
Batting: RHB Rico Escobar
|
0-0: Ball 1-0: Called Strike 1-1: Foul Ball, location: 2F 1-2: Ball 2-2: Strikes out swinging
|
|
Batting: SHB Ronnie Chapman
|
0-0: Called Strike 0-1: Ball 1-1: Swinging Strike 1-2: Ground out 6-3 (Groundball, 6, EV 108.8 MPH)
|
|
Batting: RHB T.J. Stout
|
0-0: Called Strike 0-1: Fly out, F8 (Flyball, 8LM, EV 86.3 MPH)
|
| Top of the 3rd over - 0 runs, 0 hits, 0 errors, 0 left on base; Fort Myers 0 - Tampa 1 |
| BOTTOM OF THE 3RD |
|
Tampa Twisters batting - Pitching for Fort Myers Miracles : RHP Jose Bonifilio
|
|
Batting: RHB Benito Santiago
|
0-0: Fly out, F8 (Flyball, 8RD, EV 93.8 MPH)
|
|
Batting: RHB Nelson Ybarra
|
0-0: Ground out 4-3 (Groundball, 4, EV 88.1 MPH)
|
|
Batting: RHB John Hotchkiss
|
0-0: Ball 1-0: Ball 2-0: Ball 3-0: Base on Balls
|
|
Batting: LHB John Randolph
|
0-0: Ball 1-0: Ball 2-0: Called Strike 2-1: Foul Ball, location: 2F 2-2: Foul Ball, location: 2F 2-2: Ball 3-2: Foul Ball, location: 2F 3-2: Foul Ball, location: 2F 3-2: Ground out 4-3 (Groundball, 4, EV 85.0 MPH)
|
| Bottom of the 3rd over - 0 runs, 0 hits, 0 errors, 1 left on base; Fort Myers 0 - Tampa 1 |
| TOP OF THE 4TH |
|
Fort Myers Miracles batting - Pitching for Tampa Twisters : LHP Andrew Ortiz
|
|
Batting: RHB Bobby Hinson
|
0-0: Foul Ball, location: 2F 0-1: Ball 1-1: Ball 2-1: Foul Ball, location: 2F 2-2: Fly out, F8 (Flyball, 8LD, EV 90.0 MPH)
|
|
Batting: RHB Galtero Gioacchini
|
0-0: Fly out, F8 (Flyball, 8RXD, EV 86.3 MPH)
|
|
Batting: RHB Michael Saccocio
|
0-0: Ball 1-0: Swinging Strike 1-1: Called Strike 1-2: Strikes out swinging
|
| Top of the 4th over - 0 runs, 0 hits, 0 errors, 0 left on base; Fort Myers 0 - Tampa 1 |
| BOTTOM OF THE 4TH |
|
Tampa Twisters batting - Pitching for Fort Myers Miracles : RHP Jose Bonifilio
|
|
Batting: RHB Basil Tennell
|
0-0: Ball 1-0: Ball 2-0: Called Strike 2-1: Foul Ball, location: 2F 2-2: Foul Ball, location: 2F 2-2: Fly out, F8 (Line Drive, 8LD, EV 90.6 MPH)
|
|
Batting: LHB Jose Tolentino
|
0-0: Ball 1-0: Ball 2-0: Ground out 4-3 (Groundball, 34D, EV 79.4 MPH)
|
|
Batting: LHB Jordan Berge
|
0-0: Called Strike 0-1: Ball 1-1: Foul Ball, location: 2F 1-2: Fly out, F8 (Flyball, 89M, EV 94.4 MPH)
|
| Bottom of the 4th over - 0 runs, 0 hits, 0 errors, 0 left on base; Fort Myers 0 - Tampa 1 |
| TOP OF THE 5TH |
|
Fort Myers Miracles batting - Pitching for Tampa Twisters : LHP Andrew Ortiz
|
|
Batting: LHB Rodney Hodde
|
0-0: Called Strike 0-1: Called Strike 0-2: Ball 1-2: Strikes out swinging
|
|
Batting: LHB Stacey Pettis
|
0-0: Called Strike 0-1: Ball 1-1: Ball 2-1: Ball 3-1: Base on Balls
|
|
Batting: LHB Abraham Becerra
|
0-0: Ball 1-0: Ball 2-0: Foul Ball, location: 2F 2-1: Foul Ball, location: 2F 2-2: SINGLE (Line Drive, 89S, EV 93.8 MPH) Stacey Pettis to second Stacey Pettis to third
|
|
Batting: RHB Rico Escobar
|
0-0: Called Strike 0-1: Ball 1-1: DOUBLE (Line Drive, 89D, EV 111.3 MPH) Stacey Pettis scores Abraham Becerra to third
|
|
Batting: SHB Ronnie Chapman
|
0-0: Ball 1-0: Called Strike 1-1: Ball 2-1: DOUBLE (Line Drive, 7LM, EV 110.0 MPH) Abraham Becerra scores Rico Escobar scores
|
|
Batting: RHB T.J. Stout
|
0-0: Ball 1-0: Foul Ball, location: 2F 1-1: Swinging Strike 1-2: Ball 2-2: Ground out 5-3 (Groundball, 5, EV 83.1 MPH)
|
|
Batting: RHB Bobby Hinson
|
0-0: Called Strike 0-1: Ground out 4-3 (Groundball, 4S, EV 85.0 MPH)
|
| Top of the 5th over - 3 runs, 3 hits, 0 errors, 1 left on base; Fort Myers 3 - Tampa 1 |
| BOTTOM OF THE 5TH |
|
Tampa Twisters batting - Pitching for Fort Myers Miracles : RHP Jose Bonifilio
|
|
Batting: RHB Dave Klipstein
|
0-0: Called Strike 0-1: Foul Ball, location: 2F 0-2: Ball 1-2: Ball 2-2: Ball 3-2: DOUBLE (Line Drive, 9LS, EV 111.9 MPH)
|
|
Batting: RHB Jeffrey Neuzil
|
0-0: Ball 1-0: Ball 2-0: Ground out 4-3 (Groundball, 4, EV 78.1 MPH) Dave Klipstein to third
|
|
Batting: RHB Benito Santiago
|
0-0: Ball 1-0: Ball 2-0: Ball 3-0: Base on Balls
|
|
Batting: RHB Nelson Ybarra
|
0-0: Called Strike 0-1: Fly out, F9 (Flyball, 9, EV 97.5 MPH) Throwing error, E9 Dave Klipstein scores Benito Santiago to second
|
|
Batting: RHB John Hotchkiss
|
0-0: Called Strike 0-1: Called Strike 0-2: Ball 1-2: Strikes out swinging
|
| Bottom of the 5th over - 1 run, 1 hit, 1 error, 1 left on base; Fort Myers 3 - Tampa 2 |
| TOP OF THE 6TH |
|
Fort Myers Miracles batting - Pitching for Tampa Twisters : LHP Andrew Ortiz
|
|
Batting: RHB Galtero Gioacchini
|
0-0: Called Strike 0-1: Foul Ball, location: 2F 0-2: Ball 1-2: Strikes out looking
|
|
Batting: RHB Michael Saccocio
|
0-0: Fly out, F9 (Flyball, 9LM, EV 90.0 MPH)
|
|
Batting: LHB Rodney Hodde
|
0-0: Ball 1-0: Called Strike 1-1: Ball 2-1: Foul Ball, location: 2F 2-2: Ball 3-2: Base on Balls
|
|
Batting: LHB Stacey Pettis
|
0-0: Ball 1-0: Ball 2-0: Called Strike 2-1: Foul Ball, location: 2F 2-2: Ball 3-2: Strikes out looking
|
| Top of the 6th over - 0 runs, 0 hits, 0 errors, 1 left on base; Fort Myers 3 - Tampa 2 |
| BOTTOM OF THE 6TH |
|
Tampa Twisters batting - Pitching for Fort Myers Miracles : RHP Jose Bonifilio
|
|
Batting: LHB John Randolph
|
0-0: Ground out U3 (Groundball, 3S, EV 93.1 MPH)
|
|
Batting: RHB Basil Tennell
|
0-0: Called Strike 0-1: Ball 1-1: SINGLE (Line Drive, 78S, EV 99.4 MPH)
|
|
Batting: LHB Jose Tolentino
|
0-0: Ball 1-0: Ball 2-0: Ball 3-0: Called Strike 3-1: Single, Error in OF, E9, batter to second base (Groundball, 34D, EV 96.3 MPH) Basil Tennell to third
|
|
Batting: LHB Jordan Berge
|
0-0: Ball 1-0: Ball 2-0: Ball 3-0: Called Strike 3-1: Foul Ball, location: 2F 3-2: Base on Balls
|
|
Batting: RHB Dave Klipstein
|
0-0: Called Strike 0-1: Ball 1-1: Ball 2-1: Ball 3-1: Fly out, F4 (Popup, 3DF, EV 51.9 MPH)
|
|
Batting: RHB Jeffrey Neuzil
|
0-0: Fly out, F7 (Flyball, 7, EV 90.0 MPH)
|
| Bottom of the 6th over - 0 runs, 2 hits, 1 error, 3 left on base; Fort Myers 3 - Tampa 2 |
| TOP OF THE 7TH |
|
Fort Myers Miracles batting - Pitching for Tampa Twisters : LHP Andrew Ortiz
|
|
Batting: LHB Abraham Becerra
|
0-0: Ball 1-0: Ball 2-0: Ball 3-0: Base on Balls
|
|
Pitching: RHP Adrian Meagher
|
|
|
Batting: RHB Rico Escobar
|
0-0: Bunt missed! 0-1: Bunt missed! 0-2: Foul Ball, location: 2F 0-2: Foul Ball, location: 2F 0-2: Strikes out swinging
|
|
Batting: SHB Ronnie Chapman
|
0-0: Ball 1-0: Foul Ball, location: 2F 1-1: Ball 2-1: Ball 3-1: Called Strike 3-2: Foul Ball, location: 2F 3-2: Foul Ball, location: 2F 3-2: Base on Balls Abraham Becerra to second
|
|
Batting: RHB T.J. Stout
|
0-0: Swinging Strike 0-1: Called Strike 0-2: Foul Ball, location: 2F 0-2: Foul Ball, location: 2F 0-2: Ball 1-2: Ball 2-2: Foul Ball, location: 2F 2-2: Ball 3-2: Base on Balls Abraham Becerra to third Ronnie Chapman to second
|
|
Batting: RHB Bobby Hinson
|
0-0: Called Strike 0-1: Foul Ball, location: 2F 0-2: Ball 1-2: Fly out, F4 (Popup, 34S, EV 75.6 MPH)
|
|
Batting: RHB Galtero Gioacchini
|
0-0: Fly out, F8 (Flyball, 8RXD, EV 85.0 MPH)
|
| Top of the 7th over - 0 runs, 0 hits, 0 errors, 3 left on base; Fort Myers 3 - Tampa 2 |
| BOTTOM OF THE 7TH |
|
Tampa Twisters batting - Pitching for Fort Myers Miracles : RHP Jose Bonifilio
|
|
Batting: RHB Benito Santiago
|
0-0: Fly out, F8 (Line Drive, 8LD, EV 86.3 MPH)
|
|
Batting: RHB Nelson Ybarra
|
0-0: Ball 1-0: DOUBLE (Line Drive, 78M, EV 93.8 MPH)
|
|
Batting: RHB John Hotchkiss
|
0-0: Ground out 5-3 (Groundball, 56S, EV 94.4 MPH)
|
|
Batting: LHB John Randolph
|
0-0: Ball 1-0: Called Strike 1-1: Ball 2-1: Foul Ball, location: 2F 2-2: Ball 3-2: Foul Ball, location: 2F 3-2: Foul Ball, location: 2F 3-2: Base on Balls
|
|
Batting: RHB Basil Tennell
|
0-0: Ball 1-0: Ground out 6-3 (Groundball, 6D, EV 102.5 MPH)
|
| Bottom of the 7th over - 0 runs, 1 hit, 0 errors, 2 left on base; Fort Myers 3 - Tampa 2 |
| TOP OF THE 8TH |
|
Fort Myers Miracles batting - Pitching for Tampa Twisters : RHP Adrian Meagher
|
|
Batting: RHB Michael Saccocio
|
0-0: Called Strike 0-1: Called Strike 0-2: Fly out, F9 (Line Drive, 9D, EV 88.8 MPH)
|
|
Batting: LHB Rodney Hodde
|
0-0: Ball 1-0: Foul Ball, location: 2F 1-1: Swinging Strike 1-2: Fly out, F9 (Flyball, 89M, EV 82.5 MPH)
|
|
Batting: LHB Stacey Pettis
|
0-0: Swinging Strike 0-1: Foul Ball, location: 2F 0-2: Ball 1-2: Foul Ball, location: 2F 1-2: Foul Ball, location: 2F 1-2: SINGLE (Line Drive, 34, EV 99.4 MPH)
|
|
Pitching: LHP John Miglio
|
|
|
Batting: LHB Abraham Becerra
|
0-0: Ball 1-0: Called Strike 1-1: Called Strike 1-2: SINGLE (Flyball, 9LS, EV 90.6 MPH) Stacey Pettis to second Runner from 2nd tries for 3rd, SAFE, throw by RF made to third
|
|
Batting: RHB Rico Escobar
|
0-0: Ball 1-0: Swinging Strike 1-1: Ball 2-1: Ball 3-1: DOUBLE (Line Drive, 89M, EV 107.5 MPH) Stacey Pettis scores Abraham Becerra to third Runner from 3rd tries for Home, throw by RF and OUT! 9-4-2
|
| Top of the 8th over - 1 run, 3 hits, 0 errors, 1 left on base; Fort Myers 4 - Tampa 2 |
| BOTTOM OF THE 8TH |
|
Tampa Twisters batting - Pitching for Fort Myers Miracles : RHP Jose Bonifilio
|
|
Batting: LHB Jose Tolentino
|
0-0: SINGLE (Groundball, 6MD, EV 98.1 MPH)
|
|
Batting: LHB Jordan Berge
|
0-0: Foul Ball, location: 2F 0-1: Ball 1-1: Called Strike 1-2: Ball 2-2: Ball 3-2: SINGLE (Line Drive, 56D, EV 98.1 MPH) Jose Tolentino to second Jose Tolentino to third
|
|
Batting: RHB Dave Klipstein
|
0-0: Ball 1-0: Ball 2-0: Called Strike 2-1: Ball 3-1: Foul Ball, location: 2F 3-2: Foul Ball, location: 2F 3-2: Base on Balls Jordan Berge to second
|
|
Pinch Hitting: RHB Jim Olander
|
0-0: Ball 1-0: Swinging Strike 1-1: Ball 2-1: Ball 3-1: Foul Ball, location: 2F 3-2: Strikes out swinging
|
|
Pinch Hitting: RHB Scott Earl
|
0-0: Ball 1-0: Ball 2-0: Foul Ball, location: 2F 2-1: Ball 3-1: Base on Balls Jose Tolentino scores Jordan Berge to third Dave Klipstein to second
|
|
Pinch Hitting: LHB Alex Castaneda
|
0-0: Swinging Strike 0-1: SINGLE (Groundball, 4, EV 82.5 MPH) (infield hit) Jordan Berge scores Dave Klipstein to third Scott Earl to second
|
|
Batting: RHB John Hotchkiss
|
0-0: Ball 1-0: Swinging Strike 1-1: Grounds into double play, 4-2-3 (Groundball, 34, EV 90.6 MPH)
|
| Bottom of the 8th over - 2 runs, 3 hits, 0 errors, 2 left on base; Fort Myers 4 - Tampa 4 |
| TOP OF THE 9TH |
|
Fort Myers Miracles batting - Pitching for Tampa Twisters : LHP John Miglio
|
|
Pitching: RHP Dave Harman
|
|
|
Now at C: Russell Hilgenkamp
|
|
|
Now at SS: Scott Earl
|
|
|
Now in RF: Alex Castaneda
|
|
|
Batting: SHB Ronnie Chapman
|
0-0: Ball 1-0: Ground out 4-3 (Groundball, 4M, EV 86.3 MPH)
|
|
Batting: RHB T.J. Stout
|
0-0: Ball 1-0: Foul Ball, location: 2F 1-1: Foul Ball, location: 2F 1-2: Foul Ball, location: 2F 1-2: Strikes out looking
|
|
Batting: RHB Bobby Hinson
|
0-0: Ground out 4-3 (Groundball, 4, EV 109.4 MPH)
|
| Top of the 9th over - 0 runs, 0 hits, 0 errors, 0 left on base; Fort Myers 4 - Tampa 4 |
| BOTTOM OF THE 9TH |
|
Tampa Twisters batting - Pitching for Fort Myers Miracles : RHP Jose Bonifilio
|
|
Batting: LHB John Randolph
|
0-0: Foul Ball, location: 2F 0-1: Ball 1-1: Ball 2-1: Foul Ball, location: 2F 2-2: DOUBLE (Flyball, 78D, EV 98.8 MPH)
|
|
Batting: RHB Basil Tennell
|
0-0: Foul Ball, location: 2F 0-1: Ground out 6-3 (Groundball, 6, EV 92.5 MPH) John Randolph to third
|
|
Batting: LHB Jose Tolentino
|
0-0: Called Strike 0-1: Called Strike 0-2: Ball 1-2: Ball 2-2: Ball 3-2: Foul Ball, location: 2F 3-2: Base on Balls
|
|
Pitching: LHP Mike Evans
|
|
|
Pinch Hitting: RHB Edward Santos
|
0-0: Ball 1-0: Fielders Choice attempt at home, Runner SAFE. 6-2 (Groundball, 6, EV 84.4 MPH)
|
| Bottom of the 9th over - 1 run, 1 hit, 0 errors, 0 left on base; Fort Myers 4 - Tampa 5 |
|